 Dungeon Crawl Stone Soup version 0.27-a0-1280-g9d2d252d84 (webtiles) character file.

Game seed: 2574883354092397747

73 frbl the Digger (level 4, -3/24 HPs)
             Began as a Gargoyle Earth Elementalist on June 13, 2021.
             Slain by Robin (5 damage)
             ... on level 2 of the Dungeon.
             The game lasted 00:02:36 (2431 turns).

frbl the Digger (Gargoyle Earth Elementalist)       Turns: 2431, Time: 00:02:37

Health: -3/24      AC:  5    Str: 11    XL:     4   Next: 27%
Magic:  2/8        EV: 11    Int: 17    God:
Gold:   57         SH:  0    Dex: 10    Spells: 5/9 levels left

rFire    . . .     SeeInvis .   a - +0 flail
rCold    + . .     Faith    .   (no shield)
rNeg     + . .     Spirit   .   c - +0 robe
rPois    ∞         Reflect  .   (no helmet)
rElec    +         Harm     .   (no cloak)
rCorr    .         Rampage  .   (no gloves)
Will     .....                  (no boots)
Stlth    ++........             (no amulet)
HPRegen  0.08/turn              h - ring of protection from cold
MPRegen  0.11/turn              (no ring)

@: mighty, very slightly contaminated
A: sickness immunity, AC +3, negative energy resistance 1, electricity
resistance, torment resistance 1, petrification resistance
a: no special abilities


You were on level 2 of the Dungeon.
You visited 1 branch of the dungeon, and saw 2 of its levels.

You collected 57 gold pieces.

Inventory:

Hand Weapons
 a - a +0 flail (weapon)
Missiles
 b - 15 stones
Armour
 c - a +0 robe (worn)
Jewellery
 h - a ring of protection from cold (left hand)
Scrolls
 d - a scroll of teleportation
 f - 3 scrolls of identify


   Skills:
 - Level 1.5 Dodging
 - Level 2.1 Stealth
 + Level 3.1 Spellcasting
 + Level 0.9 Conjurations
 - Level 0.7 Transmutations
 + Level 4.8 Earth Magic


You had 5 spell levels left.
You knew the following spells:

 Your Spells              Type           Power      Damage    Failure   Level
a - Sandblast             Erth           38%        2d10      2%          1
b - Stone Arrow           Conj/Erth      24%        3d8       16%         3

Your spell library contained the following spells:

 Spells                   Type           Power      Damage    Failure   Level
 Passwall                 Tmut/Erth      10%        N/A       9%          2
 Petrify                  Tmut/Erth      12%        N/A       47%         4
 Lee's Rapid Deconstruct  Erth           9%         3d8*      54%         5


Dungeon Overview and Level Annotations

Branches:
Dungeon (2/15)

Altars:

Annotations:
D:2 Robin


Innate Abilities, Weirdness & Mutations

You are immune to sickness and miasma.
Your stone body is resilient. (AC +3)
You are immune to poison.
You resist negative energy. (rN+)
You are resistant to electric shocks. (rElec)
You are resistant to unholy torment.
You are immune to petrification.


Message History

Aiming: Sandblast (safe; 2% risk of failure)
Press: ? - help, Shift-Dir - straight line, f/p - Robin
Aim: Robin, wielding a +0 club, wearing a +0 ring mail and wearing a +1 helmet of intelligence (lightly wounded, 87% to hit)
The blast of sand hits Robin but does no damage.
Robin is lightly wounded.
Robin hits you with a +0 club.
* * * LOW HITPOINT WARNING * * *
The quokka closely misses you.
Casting: Sandblast (safe; 2% risk of failure)
Confirm with . or Enter, or press ? or * to list all spells.
Aiming: Sandblast (safe; 2% risk of failure)
Press: ? - help, Shift-Dir - straight line, f/p - Robin
Aim: Robin, wielding a +0 club, wearing a +0 ring mail and wearing a +1 helmet of intelligence (lightly wounded, 87% to hit)
The blast of sand hits Robin!
Robin is heavily wounded.
The quokka barely misses you. Robin hits you with a +0 club.
* * * LOW HITPOINT WARNING * * *
Casting: Sandblast (safe; 2% risk of failure)
Confirm with . or Enter, or press ? or * to list all spells.
Aiming: Sandblast (safe; 2% risk of failure)
Press: ? - help, Shift-Dir - straight line, f/p - Robin
Aim: Robin, wielding a +0 club, wearing a +0 ring mail and wearing a +1 helmet of intelligence (heavily wounded, 87% to hit)
Okay, then.
You feel much better. The quokka bites you.
Robin's bangles clink loudly.
Robin hits you with a +0 club.
It was a potion of might.
You feel very mighty all of a sudden. The quokka bites you.
Robin hits you but does no damage.
Unknown command.
You hit Robin.
Robin is almost dead.
The quokka bites you. Robin hits you with a +0 club.
* * * LOW HITPOINT WARNING * * *
The quokka bites you.
* * * LOW HITPOINT WARNING * * *
You barely miss Robin.
Robin is almost dead.
The quokka closely misses you. Robin hits you with a +0 club.
You die...

........##.##.#
#........ ..#.# .
....#... ....# .
#. #'#...##....#..
...#...... .......
.........##.....[.
.......r).........
#...g@..<..#
........)#.#.#
....[....#..##
......##....#
#####. #....# ..
#....# .. ##...#
... #....


You could see Robin and a quokka.

Vanquished Creatures
  3 gnolls (D:1)
  A dart slug (D:1)
  5 ball pythons (D:1)
  3 bats (D:1)
  2 endoplasms (D:1)
  A giant cockroach (D:1)
  2 hobgoblins (D:1)
  4 jackals (D:1)
  4 quokkas
  10 goblins
  3 kobolds (D:1)
  A rat (D:1)
39 creatures vanquished.

Notes
Turn   | Place    | Note
-------+----------+-------------------------------------------
     0 | D:1      | frbl the Gargoyle Earth Elementalist began the quest for
                  | the Orb.
     0 | D:1      | Reached XP level 1. HP: 10/10 MP: 3/3
    59 | D:1      | Reached skill level 4 in Earth Magic
    59 | D:1      | Reached XP level 2. HP: 15/15 MP: 1/5
   222 | D:1      | Reached XP level 3. HP: 4/19 MP: 2/7
  1199 | D:1      | Learned a level 3 spell: Stone Arrow
  1843 | D:2      | Reached XP level 4. HP: 24/24 MP: 4/8
  1844 | D:2      | Noticed Robin
  2431 | D:2      | Slain by Robin

Illustrated notes

Levels and vault maps discovered:
D:1:      dpeg_arrival_simpleton_b, layout_loops_ring, minmay_tetromino_l2
D:2:      layout_basic, hellmonk_ecumenical_altar_run_dry, uniq_robin,
          uniq_sigmund, uniq_terence

Skill      XL: |  1  2  3 |
---------------+----------+-----
Earth Magic    | 4 |  4.8
Spellcasting   | 3 |  3.1
Dodging        | |  1.5
Stealth        | |  2.1
Conjurations   | |  0.9
Transmutations | |  0.7

Action                   |  1- 3 |  4- 6 || total
-------------------------+-------+-------++-------
Melee: Unarmed           |     7 |       ||     7
       Flail             |    69 |    33 ||   102
 Cast: Sandblast         |    16 |    14 ||    30
  Use: Scroll            |     3 |       ||     3
       Potion            |       |     2 ||     2
 Stab: Sleeping          |     2 |       ||     2
Armor: Robe              |    36 |    26 ||    62
Dodge: Dodged            |    84 |    61 ||   145

Table legend: (Time is in decaauts)
 A = Elapsed time spent in this place.
 B = Non-inter-level travel time spent in this place.
 C = Inter-level travel time spent in this place.
 D = Time resting spent in this place.
 E = Time spent auto-exploring this place.
 F = Levels seen in this place.
 G = Mean time per level.
                   A        B        C        D        E       F      G
               +--------+--------+--------+--------+--------+-----+--------+
         Total |   2474 |   2446 |     28 |    912 |   1220 |   2 | 1237.0 |
       Dungeon |   2474 |   2446 |     28 |    912 |   1220 |   2 | 1237.0 |
               +--------+--------+--------+--------+--------+-----+--------+

Top non-repeatable levels by time:
     D:1: 2431 daAuts
     D:2: 42 daAuts
